 Dungeon Crawl Stone Soup version 0.28.0-53-g5a82cb258f (webtiles) character file.

Game seed: 10312225870952588093

375 Sin92 the Skirmisher (level 6, -4/49 HPs)
             Began as a Demonspawn Fighter on July 1, 2022.
             Was a Believer of Wu Jian.
             Slain by Duvessa
             ... wielding a +0 short sword
              (5 damage)
             ... on level 4 of the Dungeon.
             The game lasted 00:08:45 (2918 turns).

Sin92 the Skirmisher (Demonspawn Fighter)           Turns: 2918, Time: 00:08:45

Health: -4/49      AC: 12    Str: 18    XL:     6   Next: 44%
Magic:  6/6        EV:  7    Int:  9    God:    Wu Jian [**....]
Gold:   112        SH:  5    Dex: 13    Spells: 5/5 levels left

rFire   . . .      SeeInvis .   m - +3 hand axe (flame)
rCold   . . .      Faith    .   c - +0 buckler
rNeg    . . .      Spirit   .   g - +0 chain mail
rPois   .          Reflect  .   (no helmet)
rElec   .          Harm     .   h - +0 cloak
rCorr   .          Rampage  .   (no gloves)
Will    .....                   (no boots)
Stlth   ..........              (no amulet)
HPRegen 0.16/turn               (no ring)
MPRegen 0.10/turn               (no ring)

@: lit by a corona, glowing
A: icy blue scales 1, powered by pain 1, weakness stinger 1
a: Renounce Religion, Wall Jump


You were on level 4 of the Dungeon.
You worshipped Wu Jian.
Wu Jian was pleased with you.
You visited 1 branch of the dungeon, and saw 4 of its levels.

You collected 112 gold pieces.

Inventory:

Hand Weapons
 a - a +0 war axe
 f - a +2 hand axe of freezing
 l - a +0 whip of electrocution
 m - a +3 hand axe of flaming (weapon)
Armour
 b - a +0 scale mail
 c - a +0 buckler (worn)
 g - a +0 chain mail (worn)
 h - a +0 cloak (worn)
Scrolls
 k - 3 scrolls of fear
 n - a scroll of identify
Potions
 d - a potion of might
 e - 3 potions of brilliance {unknown}
 i - a potion of berserk rage {unknown}
 j - a potion of ambrosia {unknown}


   Skills:
 + Level 4.4 Fighting
 + Level 3.3 Axes
 + Level 4.0 Armour
 + Level 0.6 Dodging
 + Level 4.0 Shields


You had 5 spell levels left.
You didn't know any spells.
Your spell library contained the following spells:

 Spells                   Type           Power      Damage    Failure   Level
 Magic Dart               Conj           0%         1d3       100%        1
 Scorch                   Fire           0%         2d5       100%        2
 Searing Ray              Conj           0%         2d4       100%        2
 Flame Wave               Conj/Fire      0%         2d4       100%        4
 Fulminant Prism          Conj/Hex       0%         3d6       100%        4
 Summon Cactus Giant      Summ           0%         N/A       100%        6


Dungeon Overview and Level Annotations

Branches:
Dungeon (4/15)             Temple (0/1) D:4

Altars:
Wu Jian

Shops:
D:4 ?

Annotations:
D:4 Duvessa


Innate Abilities, Weirdness & Mutations

You are partially covered in icy blue scales. (AC +2)
You sometimes gain a little power by taking damage.
You have a small tail.


Message History

You hit Duvessa but do no damage.
Duvessa yells, "You can run, but you cannot escape us forever!"
You block Duvessa's attack. Dowan casts a spell at you.
The puff of frost hits you. Duvessa closely misses you.
You hit Dowan. You burn Dowan.
You kill Dowan!
The Council accepts your kill.
Duvessa screams in rage.
Duvessa goes berserk!
You barely miss Duvessa. Duvessa hits you but does no damage. x2
Your Armour skill increases to level 4!
Your Shields skill increases to level 4!
You spin and attack Duvessa.
You hit Duvessa but do no damage.
Duvessa is lightly wounded.
Duvessa hits you with a +0 short sword.
You closely miss Duvessa. You tail-slap Duvessa.
Duvessa is lightly wounded.
Duvessa hits you with a +0 short sword! Duvessa hits you with a +0 short sword.
You hit Duvessa. You burn Duvessa.
You tail-slap Duvessa, but do no damage.
Duvessa is moderately wounded.
You block Duvessa's attack. Duvessa hits you with a +0 short sword.
You hit Duvessa but do no damage.
Duvessa is moderately wounded.
Duvessa hits you but does no damage. Duvessa hits you with a +0 short sword.
* * * LOW HITPOINT WARNING * * *
You barely miss Duvessa.
Duvessa is moderately wounded.
Duvessa hits you with a +0 short sword!
* * * LOW HITPOINT WARNING * * *
Duvessa barely misses you.
You hit Duvessa. You burn Duvessa.
Duvessa is moderately wounded.
Duvessa hits you with a +0 short sword.
* * * LOW HITPOINT WARNING * * *
You closely miss Duvessa.
Duvessa is moderately wounded.
Duvessa hits you with a +0 short sword.
You die...

........#............(....
.##.....#........)........
.##.....#.................
<##.....#.........∩.......
........+..........>......
.##.....#................#
.##.....#................#
.##.....#.....##'#.......#
.. #.....#e@#.......#
#.....#..#.......#
####.....#.)#.......#
#.......##..##+#####
+.......#..........
#.......#..........
####+#.......#..###.####
.......#######..# .#
.......# .... .


You could see Duvessa (berserk, fast).

Vanquished Creatures
  Sigmund (D:3)
  Dowan (D:4)
  Crazy Yiuf (D:2)
  Jessica (D:2)
  A hound skeleton (D:4)
  5 adders
  A dart slug (D:2)
  13 orcs
  4 endoplasms
  4 giant cockroaches
  6 goblins
  2 hobgoblins
  2 kobolds
  A quokka (D:3)
  5 ball pythons
  4 bats
  A frilled lizard (D:2)
  2 rats (D:2)
55 creatures vanquished.

Notes
Turn   | Place    | Note
-------+----------+-------------------------------------------
     0 | D:1      | Sin92 the Demonspawn Fighter began the quest for the Orb.
     0 | D:1      | Reached XP level 1. HP: 18/18 MP: 1/1
   122 | D:1      | You fall into a shaft and drop 1 floor!
   192 | D:2      | Found a runed translucent door.
   193 | D:2      | Noticed Crazy Yiuf
   261 | D:2      | Gained mutation: You sometimes gain a little power by
                  | taking damage. [demonic ancestry]
   261 | D:2      | Reached XP level 2. HP: 9/24 MP: 2/2
   483 | D:2      | Noticed Jessica
   491 | D:2      | Killed Jessica
   492 | D:2      | Gained mutation: You are partially covered in icy blue
                  | scales. (AC +2) [demonic ancestry]
   492 | D:2      | Reached XP level 3. HP: 28/29 MP: 3/3
   502 | D:2      | Found a faded altar of an unknown god.
   507 | D:2      | Prayed at the altar of an unknown god.
   507 | D:2      | Became a worshipper of the Wu Jian Council
   507 | D:2      | Reached * piety under Wu Jian
   974 | D:2      | Reached XP level 4. HP: 16/36 MP: 4/4
  1406 | D:2      | Killed Crazy Yiuf
  1575 | D:3      | Noticed Sigmund
  1612 | D:3      | Killed Sigmund
  1613 | D:3      | Reached XP level 5. HP: 13/42 MP: 5/5
  1828 | D:3      | Gained mutation: You have a small tail. [demonic ancestry]
  1828 | D:3      | Reached XP level 6. HP: 46/48 MP: 6/6
  2597 | D:4      | Found a staircase to the Ecumenical Temple.
  2629 | D:4      | Reached ** piety under Wu Jian
  2837 | D:4      | Found Cemisk's Magic Scroll Shoppe.
  2894 | D:4      | Noticed Duvessa
  2895 | D:4      | Noticed Dowan
  2911 | D:4      | Killed Dowan
  2917 | D:4      | HP: 1/49 [Duvessa/+0 short sword (2)]
  2918 | D:4      | Slain by Duvessa

Illustrated notes

Levels and vault maps discovered:
D:1:      elethiomel_arrival_infinity_welcomes_careful_drivers,
          layout_loops_ring, minmay_misc_feat_tower
D:2:      layout_loops_ring, basic_ecumenical_altar, wad_orctagon,
          uniq_crazy_yiuf_cottage, uniq_jessica
D:3:      layout_basic, grunt_ministairs_12, uniq_sigmund
D:4:      layout_gridville, minmay_temple_entry_slanted, serial_shops, shop,
          uniq_duvessa

Skill      XL: |  1  2  3  4  5  6 |
---------------+-------------------+-----
Axes           | 2 3 |  3.3
Armour         | 3 4 |  4.0
Shields        | 3 4 |  4.0
Fighting       | 4 |  4.4
Dodging        | |  0.6

Action                   |  1- 3 |  4- 6 || total
-------------------------+-------+-------++-------
Melee: War axe           |    57 |    12 ||    69
       Hand axe          |       |   101 ||   101
       Tailslap          |       |     5 ||     5
Invok: Whirlwind         |     4 |    13 ||    17
       Lunge             |     3 |     7 ||    10
  Use: Scroll            |     3 |     1 ||     4
Armor: Scale mail        |    23 |     1 ||    24
       Chain mail        |       |    65 ||    65
Dodge: Dodged            |    23 |    29 ||    52
Block: Buckler           |    12 |    18 ||    30
